 Dungeon Crawl Stone Soup version 0.24-a0-500-g46574c2197 (webtiles) character file.

Game seed: 11898121351281411721

26 KristoblXynda the Chopper (level 2, 0/22 HPs)
             Began as a Demonspawn Gladiator on July 15, 2019.
             Slain by a jackal (2 damage)
             ... on level 1 of the Dungeon.
             The game lasted 00:00:41 (580 turns).

KristoblXynda the Chopper (Demonspawn Gladiator)     Turns: 580, Time: 00:00:42

Health: 0/22       AC:  4    Str: 14    XL:     2   Next: 89%
Magic:  2/2        EV: 13    Int:  9    God:
Gold:   10         SH:  0    Dex: 14    Spells: 1/1 levels left

rFire    . . .     SeeInvis .   a - +0 war axe
rCold    . . .     Gourm    .   (no shield)
rNeg     . . .     Faith    .   b - +0 leather armour
rPois    .         Spirit   .   c - +0 helmet
rElec    .         Reflect  .   (no cloak)
rCorr    .         Harm     .   (no gloves)
MR       .....                  (no boots)
Stlth    +.........             (no amulet)
HPRegen  0.07/turn              (no ring)
MPRegen  0.08/turn              (no ring)

@: no status effects
A: talons 1
a: no special abilities


You were on level 1 of the Dungeon.
You were not hungry.

You visited 1 branch of the dungeon, and saw 1 of its levels.

You collected 10 gold pieces.

Inventory:

Hand Weapons
 a - a +0 war axe (weapon)
Missiles
 d - 3 throwing nets (quivered)
Armour
 b - a +0 leather armour (worn)
 c - a +0 helmet (worn)
Scrolls
 e - a scroll of remove curse {unknown}
Comestibles
 f - 2 rations


   Skills:
 - Level 2.0 Fighting
 * Level 3.3 Axes
 - Level 2.0 Throwing
 + Level 0.5 Armour
 + Level 3.0 Dodging


You had one spell level left.
You didn't know any spells.
Your spell library was empty.

Dungeon Overview and Level Annotations

Branches:
Dungeon (1/15)

Altars:


Innate Abilities, Weirdness & Mutations

You have sharp toenails.


Message History

You hit the ooze.
The hobgoblin hits you but does no damage.
The ooze barely misses you.
Unknown command.
You see here a dart slug corpse.
A jackal comes into view.
The jackal barks!
You hear a shout!
The jackal moves out of view.
The jackal bites you.
* * * LOW HITPOINT WARNING * * *
You barely miss the jackal. Your kick misses the jackal. You hit the ooze.
The jackal closely misses you. The ooze hits you but does no damage.
The jackal closely misses you.
Unknown command.
The ooze barely misses you.
You slash the ooze!
You kill the ooze!
Your Dodging skill increases to level 3!
You hit the jackal. The jackal closely misses you. The jackal bites you.
You die...

#......... +........# #......
........# #..... . .....
#.... #. #..## #... #. #...#
#..# #..#.#.# #..#####
#.#..#.#.###......#
#........@h.......# ♣
#.##.#.##.###.....# ..
#.#†#.g........# .. #
#g#...##.....# P.
#.#...##.....##### .P
...#+##+#.#...##g........####
......†...#.#.##.............
..........#.#..#.............
.......[..#.#..........).#...


You could see a jackal and a hobgoblin.

Vanquished Creatures
  An ooze (D:1)
  3 dart slugs (D:1)
  3 bats (D:1)
  A giant cockroach (D:1)
  3 hobgoblins (D:1)
  2 goblins (D:1)
  3 rats (D:1)
16 creatures vanquished.

Notes
Turn   | Place    | Note
-------+----------+-------------------------------------------
     0 | D:1      | KristoblXynda the Demonspawn Gladiator began the quest for
                  | the Orb.
     0 | D:1      | Reached XP level 1. HP: 16/16 MP: 1/1
   281 | D:1      | Gained mutation: You have sharp toenails. [demonic
                  | ancestry]
   281 | D:1      | Reached XP level 2. HP: 10/22 MP: 2/2
   548 | D:1      | HP: 1/22 [hobgoblin/+0 club (2)]
   580 | D:1      | Slain by a jackal

Levels and vault maps discovered:
D:1:      minmay_arrival_arboretum_small, layout_basic, minmay_tall_x

Skill      XL: |  1  2 |
---------------+-------+-----
Axes           | 3 |  3.3
Throwing       | 2 |  2.0
Dodging        | 3 |  3.0
Fighting       | |  2.0
Armour         | |  0.5

Action                   || total
-------------------------++-------
Melee: War axe           ||    41
       Kick              ||     6
Armor: Leather armour    ||    15
Dodge: Dodged            ||    30

Table legend:
 A = Non-vault XP
 B = Vault XP
 C = Vault XP percentage of total XP
 D = Non-vault monster count
 E = Vault monster count
 F = Vault count percentage of total count
                 A         B        C        D         E       F
            +---------+---------+-------+---------+---------+-------
      Total |      38 |       0 |   0.0 |      16 |       0 |   0.0
            +---------+---------+-------+---------+---------+-------
        D:1 |      38 |       0 |   0.0 |      16 |       0 |   0.0
            +---------+---------+-------+---------+---------+-------
